 Dungeon Crawl Stone Soup version 0.25-a0-471-g78e40d7af6 (webtiles) character file.

Game seed: 7055096568953376988, levelgen mode: deterministic

84 Ijustatesigmund the Chopper (level 4, 0/39 HPs)
             Began as a Hill Orc Fighter on Feb 6, 2020.
             Killed by nerve-wracking pain
             ... invoked by an orc priest
              (7 damage)
             ... on level 3 of the Dungeon.
             The game lasted 00:03:41 (1729 turns).

Ijustatesigmund the Chopper (Hill Orc Fighter)      Turns: 1729, Time: 00:03:41

Health: 0/39       AC:  6    Str: 20 (23) XL:     4   Next: 46%
Magic:  4/4        EV:  7    Int:  5 (8)  God:
Gold:   102        SH: 10    Dex: 10 (11) Spells: 3/3 levels left

rFire    . . .     SeeInvis .   a - +0 war axe
rCold    . . .     Gourm    .   c - +1 shield
rNeg     . . .     Faith    .   b - +0 scale mail
rPois    .         Spirit   .   (no helmet)
rElec    .         Reflect  .   (no cloak)
rCorr    .         Harm     .   (no gloves)
MR       .....                  (no boots)
Stlth    ..........             g - amulet of magic regeneration
HPRegen  0.13/turn              (no ring)
MPRegen  0.34/turn              (no ring)

@: mighty
A: no striking features
a: Convert to Beogh


You were on level 3 of the Dungeon.
You were not hungry.

You visited 1 branch of the dungeon, and saw 3 of its levels.

You collected 102 gold pieces.

Inventory:

Hand Weapons
 a - a +0 war axe (weapon)
Armour
 b - a +0 scale mail (worn)
 c - a +1 shield (worn)
Jewellery
 g - an amulet of magic regeneration (around neck)
 j - an uncursed ring of ice
Scrolls
 e - 2 scrolls of identify
 k - a scroll of blinking {unknown}
 m - 2 scrolls of teleportation {unknown}
 n - a scroll of enchant weapon {unknown}
 o - a scroll of magic mapping {unknown}
Potions
 d - a potion of might
 h - a potion of brilliance
Comestibles
 f - 4 rations


   Skills:
 - Level 3.6 Fighting
 + Level 6.1 Axes
 - Level 3.2 Armour
 - Level 3.2 Shields


You had 3 spell levels left.
You didn't know any spells.
Your spell library was empty.

Dungeon Overview and Level Annotations

Branches:
Dungeon (3/15)

Altars:
Fedhas


Message History

You block the orc priest's attack.
You feel better.
The orc priest mumbles some strange prayers to Beogh against you.
Beogh smites you!
* * * LOW HITPOINT WARNING * * *
You aren't carrying any items that you can evoke.
You feel better.
The orc priest hits you but does no damage.
You feel very mighty all of a sudden.
The orc priest calls down the wrath of Beogh upon you.
You barely resist.
Your shield and scale mail prevent you from hitting the orc priest.
The orc priest shouts, "Beogh is our master!
Accept the truth or die!"
The orc priest hits you with a +0 long sword.
* * * LOW HITPOINT WARNING * * *
You closely miss the orc priest.
The orc priest shouts, "Beogh is our master!
Accept the truth or die!"
The orc priest invokes the aid of Beogh against you.
Pain shoots through your body!
You die...

### #).
#.# #.#
#o# #o#
#@# #.#
##.# #..#
##.#######
#.........
#.########
#.# #.#


You could see an orc priest and an orc.

Vanquished Creatures
  2 adders
  A worm (D:2)
  2 leopard geckos (D:1)
  7 orcs (D:3)
  A ball python (D:1)
  7 bats
  4 giant cockroaches
  5 goblins
  6 hobgoblins
  3 frilled lizards
  10 kobolds
  5 rats
53 creatures vanquished.

Notes
Turn   | Place    | Note
-------+----------+-------------------------------------------
     0 | D:1      | Ijustatesigmund the Hill Orc Fighter began the quest for
                  | the Orb.
     0 | D:1      | Reached XP level 1. HP: 19/19 MP: 1/1
    34 | D:1      | Reached skill level 3 in Axes
    93 | D:1      | Reached XP level 2. HP: 22/26 MP: 2/2
   254 | D:1      | Reached skill level 4 in Axes
   434 | D:1      | Reached XP level 3. HP: 31/31 MP: 3/3
   854 | D:2      | Reached skill level 5 in Axes
  1099 | D:2      | Found a blossoming altar of Fedhas.
  1469 | D:3      | Reached XP level 4. HP: 29/39 MP: 4/4
  1708 | D:3      | Reached skill level 6 in Axes
  1729 | D:3      | Killed from afar by an orc priest

Levels and vault maps discovered:
D:1:      scummos_arrival_hexagon, layout_basic
D:2:      layout_basic, old_standard_altar
D:3:      layout_loops_ring, patterned_corridor

Skill      XL: |  1  2  3  4 |
---------------+-------------+-----
Axes           | 3 4 5 6 |  6.1
Fighting       | |  3.6
Armour         | |  3.2
Shields        | |  3.2

Action                   |  1- 3 |  4- 6 || total
-------------------------+-------+-------++-------
Melee: War axe           |   137 |    54 ||   191
  Use: Scroll            |     7 |       ||     7
       Potion            |       |     4 ||     4
  Eat: Chunk             |     1 |     2 ||     3
Armor: Scale mail        |    50 |    15 ||    65
Dodge: Dodged            |    47 |    10 ||    57
Block: Shield            |    80 |    26 ||   106

Table legend:
 A = Non-vault XP
 B = Vault XP
 C = Vault XP percentage of total XP
 D = Non-vault monster count
 E = Vault monster count
 F = Vault count percentage of total count
                 A         B        C        D         E       F
            +---------+---------+-------+---------+---------+-------
      Total |     121 |       0 |   0.0 |      53 |       0 |   0.0
            +---------+---------+-------+---------+---------+-------
        D:1 |      43 |       0 |   0.0 |      27 |       0 |   0.0
        D:2 |      33 |       0 |   0.0 |      12 |       0 |   0.0
        D:3 |      45 |       0 |   0.0 |      14 |       0 |   0.0
            +---------+---------+-------+---------+---------+-------
